 Dungeon Crawl Stone Soup version 0.14-a0-1837-g7fb8695 (webtiles) character file.

207 JoLi the Skirmisher (level 5, 0/47 HPs)
             Began as a Minotaur Berserker on Jan 10, 2014.
             Was a Priest of Trog.
             Slain by an orc
             ... wielding a +0,+1 orcish short sword
              (3 damage)
             ... on Level 3 of the Dungeon.
             The game lasted 00:13:03 (1664 turns).

JoLi the Skirmisher (Minotaur Berserker)            Turns: 1664, Time: 00:13:03

HP   0/47        AC  9     Str 22      XL: 5   Next:  2%
MP  11/11        EV  7     Int  4      God: Trog [***...]
Gold 67          SH  0     Dex 10      Spells:  0 memorised,  4 levels left

rFire  + . .     SeeInvis .     n - +2,+0 whip (distort)
rCold  . . .     Clarity  .     b - +0 chain mail
rNeg   . . .     Conserve .     (no shield)
rPois  .         rCorr    .     (helmet restricted)
rElec  .         rRot     .     (no cloak)
SustAb . .       Spirit   .     (no gloves)
rMut   .         Warding  .     (no boots)
Saprov . . .     Stasis   .     (no amulet)
                                f - ring of protection from fire {unknown}
                                e - ring of magical power

@: slightly resistant to hostile enchantments, extremely unstealthy
A: retaliatory headbutt, horns 2
a: Burn Spellbooks, Berserk, Trog's Hand, Renounce Religion


You were on level 3 of the Dungeon.
You worshipped Trog.
Trog was most pleased with you.
You were hungry.

You visited 1 branch of the dungeon, and saw 3 of its levels.

You collected 67 gold pieces.

Inventory:

Hand weapons
 a - a +0,+0 hand axe
 n - a +2,+0 whip of distortion (weapon)
Armour
 b - a +0 chain mail (worn)
 h - a cursed +1 dwarven helmet
 r - a +0 scale mail
Magical devices
 o - a wand of fireball (3) {unknown}
Comestibles
 c - 4 bread rations
 q - a choko
 s - a chunk of worm flesh
Scrolls
 d - a scroll of teleportation {unknown}
 g - 2 scrolls of noise {unknown}
 i - a scroll of remove curse {unknown}
 j - a scroll of identify {unknown}
 p - a scroll of fog {unknown}
 t - a scroll of enchant weapon II {unknown}
Jewellery
 e - a ring of magical power (left hand)
 f - a ring of protection from fire (right hand) {unknown}
Potions
 k - 2 potions of curing {unknown}
 l - a potion of poison {unknown}
 m - a potion of blood
 u - a potion of resistance {unknown}


   Skills:
 * Level 4.7 Fighting
 + Level 4.1 Axes
 * Level 3.7 Armour
 * Level 3.4 Dodging
 + Level 1.1 Evocations


You had 4 spell levels left.
You didn't know any spells.

Dungeon Overview and Level Annotations

Branches:
Dungeon (3/16)

Altars:


Innate Abilities, Weirdness & Mutations

You reflexively headbutt those who attack you in melee.
You have a pair of horns on your head.


Message History

* * * LOW HITPOINT WARNING * * *
The gnoll hits you but does no damage.
You closely miss the gnoll.
The gnoll is almost dead.
The gnoll hits you with a spear.
* * * LOW HITPOINT WARNING * * *
The gnoll hits you but does no damage.
An orc comes into view. It is wielding an orcish flail.
You hit the gnoll.
You kill the gnoll!
Trog accepts your kill.
You have reached level 5!
The gnoll hits you with a spear.
* * * LOW HITPOINT WARNING * * *
You completely miss the gnoll. Your headbutt misses the gnoll.
The gnoll is severely wounded.
The gnoll hits you with a spear.
* * * LOW HITPOINT WARNING * * *
The orc hits you with an orcish short sword.
You die...

####.# #.. . #.# #.#
#....# #.### ... #.#
#.##.# #... .#. #.#
#.##.#####.####### .
. #.#
#................(...
#....
####.#####.####### #
#.# #.# #%# #.# #.#
#%### #.. #.# #@..#
#.# #.og..# #..
.......# ######.o...#
##...## ##..# ..# ..#
.


You could see a gnoll and 2 orcs.

Vanquished Creatures
  Terence (D:2)
  3 gnolls (D:3)
  3 adders
  A worm (D:3)
  3 giant geckos
  3 ball pythons
  3 giant cockroaches
  8 hobgoblins
  6 jackals (D:1)
  A quokka (D:2)
  5 bats
  A giant newt (D:1)
  7 goblins
  9 kobolds
  8 rats
62 creatures vanquished.

Vanquished Creatures (others)
  A hobgoblin (D:3)
  2 kobolds
3 creatures vanquished.

Grand Total: 65 creatures vanquished

Notes
Turn   | Place    | Note
--------------------------------------------------------------
     0 | D:1      | JoLi, the Minotaur Berserker, began the quest for the Orb.
     0 | D:1      | Reached XP level 1. HP: 19/19 MP: 1/1
   105 | D:1      | Reached XP level 2. HP: 27/27 MP: 1/1
   107 | D:1      | Reached skill level 4 in Fighting
   152 | D:1      | Acquired Trog's second power
   337 | D:1      | Reached XP level 3. HP: 29/33 MP: 2/2
  1143 | D:2      | Reached XP level 4. HP: 41/41 MP: 2/2
  1146 | D:2      | Noticed Terence
  1158 | D:2      | Killed Terence
  1651 | D:3      | Reached skill level 1 in Evocations
  1663 | D:3      | Reached XP level 5. HP: 5/47 MP: 2/2
  1664 | D:3      | Slain by an orc

Action                   |  1- 3 |  4- 6 || total
-------------------------+-------+-------++-------
Melee: Hand axe          |    73 |       ||    73
       Whip              |    19 |    48 ||    67
Invok: Burn Spellbooks   |     1 |       ||     1
